 Dungeon Crawl Stone Soup version 0.30-b1-2-g02819fbbbe (webtiles) character file.

Game seed: 6954978473782172353

47100 DavidChitty2 the Severer (level 14, -8/127 HPs)
             Began as a Minotaur Fighter on May 16, 2023.
             Was the Champion of Makhleb.
             Mangled by an 11-headed hydra (10 damage)
             ... on level 5 of the Lair of Beasts.
             The game lasted 00:20:05 (16252 turns).

DavidChitty2 the Severer (Minotaur Fighter)        Turns: 16252, Time: 00:20:05

Health: -8/127     AC: 20    Str: 26    XL:     14   Next: 7%
Magic:  19/19      EV:  7    Int:  8    God:    Makhleb [******]
Gold:   1246       SH: 12    Dex: 10    Spells: 13/13 levels left

rFire   . . .        a - +1 war axe (vamp)
rCold   . . .        p - +0 kite shield
rNeg    . . .        B - +0 plate armour
rPois   +            K - +0 hat {Int+3}
rElec   .            e - +1 cloak
rCorr   .            (no gloves)
SInv    .            g - +0 pair of boots
Will    +....        (no amulet) Stlth
                     F - ring of poison resistance
HPRegen 0.41/turn    n - +4 ring of slaying
MPRegen 0.16/turn

%: no passive effects
@: very slow
A: horns 2, retaliatory headbutt
a: Renounce Religion, Minor Destruction, Lesser Servant of Makhleb, Major
Destruction, Greater Servant of Makhleb


You were on level 5 of the Lair of Beasts.
You worshipped Makhleb.
Makhleb was exalted by your worship.
You visited 3 branches of the dungeon, and saw 17 of its levels.
You also visited: Ossuary.

You collected 1246 gold pieces.

Inventory:

Hand Weapons
 a - a +1 vampiric war axe (weapon)
   (You took it off a naga on level 3 of the Lair of Beasts)
 b - a +2 whip of electrocution
   (You took it off an orc on level 9 of the Dungeon)
 O - a +0 broad axe
   (You took it off a naga on level 3 of the Lair of Beasts)
Missiles
 D - 3 throwing nets {!f}
Armour
 e - a +1 cloak (worn)
   (You found it on level 10 of the Dungeon)
 g - a +0 pair of boots (worn)
   (You found it on level 1 of the Dungeon)
 p - a +0 kite shield (worn)
   (You found it on level 3 of the Lair of Beasts)
 B - a +0 plate armour (worn)
   (You found it on level 5 of the Dungeon)
 K - a +0 hat of intelligence (worn)
   (You took it off Gastronok on level 1 of the Lair of Beasts)
Jewellery
 k - a ring of positive energy
   (You found it on level 1 of the Dungeon)
 n - a +4 ring of slaying (right hand)
   (You found it on level 2 of the Dungeon)
 o - a ring of protection from cold
   (You found it on level 3 of the Lair of Beasts)
 w - a ring of wizardry
   (You found it on level 3 of the Dungeon)
 F - a ring of poison resistance (left hand)
   (You found it on level 8 of the Dungeon)
 N - a ring of flight
   (You found it on level 2 of the Lair of Beasts)
Wands
 d - a wand of iceblast (4)
   (You found it on level 5 of the Lair of Beasts)
 t - a wand of flame (3)
   (You took it off a crimson imp on level 5 of the Dungeon)
 u - a wand of paralysis (5)
   (You found it on level 3 of the Lair of Beasts)
 v - a wand of digging (11)
   (You found it on level 7 of the Dungeon)
 x - a wand of acid (8)
   (You found it on level 5 of the Dungeon)
 y - a wand of mindburst (24)
   (You found it in an ossuary)
 R - a wand of polymorph (4)
   (You found it on level 5 of the Lair of Beasts)
Scrolls
 c - 8 scrolls of teleportation {@r4}
 h - 4 scrolls of fear
 q - 2 scrolls of poison
 A - 6 scrolls of identify {@r1}
 E - 2 scrolls of enchant armour
 I - 3 scrolls of immolation {!r}
 J - 2 scrolls of magic mapping
 L - a scroll of silence
 M - 2 scrolls of enchant weapon
 Q - 2 scrolls of fog
Potions
 f - 6 potions of heal wounds {@q2}
 i - 5 potions of lignification {!q}
 j - 8 potions of flight
 l - 6 potions of haste {@q3}
 m - 7 potions of mutation {!q}
 r - a potion of resistance
 s - 5 potions of attraction {!q}
 z - 4 potions of brilliance
 C - 4 potions of invisibility
 G - 2 potions of ambrosia
 H - 11 potions of curing {@q1}
 P - 4 potions of berserk rage
 S - a potion of magic
 U - 4 potions of might


   Skills:
 + Level 12.9 Fighting
 * Level 17.4 Axes
 + Level 13.0 Armour
 + Level 13.1 Shields
 + Level 8.8 Invocations


You had 13 spell levels left.
You didn't know any spells.
Your spell library contained the following spells:

 Spells                   Type           Power      Damage    Failure   Level
 Kiss of Death            Conj/Necr      0%         2d5       99%         1
 Magic Dart               Conj           0%         1d3       99%         1
 Slow                     Hex            0%         N/A       99%         1
 Call Imp                 Summ           0%         N/A       100%        2
 Lesser Beckoning         Tloc           0%         N/A       100%        2
 Searing Ray              Conj           0%         2d4       100%        2
 Static Discharge         Conj/Air       0%         2-2/arc   100%        2
 Confusing Touch          Hex            0%         N/A       100%        3
 Frozen Ramparts          Ice            0%         1d1       100%        3
 Gell's Gravitas          Tloc           0%         N/A       100%        3
 Ignite Poison            Fire/Tmut/Pois 0%         N/A       100%        3
 Mephitic Cloud           Conj/Pois/Air  0%         N/A       100%        3
 Teleport Other           Tloc           0%         N/A       100%        3
 Vampiric Draining        Necr           0%         2d6       100%        3
 Vhi's Electric Charge    Tloc/Air       0%         N/A       100%        3
 Airstrike                Air            0%         2d(0-16)  100%        4
 Anguish                  Hex/Necr       0%         N/A       100%        4
 Dispel Undead            Necr           0%         3d6       100%        4
 Fulminant Prism          Conj/Hex       0%         3d5       100%        4
 Ice Form                 Ice/Tmut       0%         N/A       100%        4
 Sticky Flame             Conj/Fire      0%         2d3       100%        4
 Summon Ice Beast         Ice/Summ       0%         N/A       100%        4
 Summon Lightning Spire   Summ/Air       0%         N/A       100%        4
 Arcjolt                  Conj/Air       0%         1d10      100%        5
 Plasma Beam              Fire/Air       0%         2x1d11    100%        6
 Enfeeble                 Hex            0%         N/A       100%        7
 Ignition                 Fire           0%         3d3       100%        8


Dungeon Overview and Level Annotations

Branches:
Dungeon (11/15)            Temple (1/1) D:6            Lair (5/5) D:11
  Swamp (0/4) Lair:2        Snake (0/4) Lair:3        Slime (0/5) Lair:5
    Orc (0/2) D:10        Ossuary (visited)

Altars:
Ashenzari
Cheibriados
Dithmenos
Elyvilon
Fedhas
Gozag
Hepliaklqana
Kikubaaqudgha
Makhleb
Nemelex Xobeh
Okawaru
Qazlal
Ru
Sif Muna
Trog
Uskayaw
Vehumet
Wu Jian
Xom
Yredelemnul
Zin
The Shining One
Jiyva

Shops:
D:1 ?   D:5 *   D:8 *

Annotations:
Lair:2 1 runed translucent door, Haraddelas's ghost, journeyman OpTm


Innate Abilities, Weirdness & Mutations

You have a pair of horns on your head.
You reflexively headbutt those who attack you in melee.


Message History

The 11-headed hydra bites you but does no damage.
The 11-headed hydra bites you! x2
* * * LOW HITPOINT WARNING * * *
The 11-headed hydra bites you.
* * * LOW HITPOINT WARNING * * *
The 11-headed hydra bites you!
* * * LOW HITPOINT WARNING * * *
You block the 11-headed hydra's attack.
The 11-headed hydra bites you but does no damage.
You block the 11-headed hydra's attack. The 11-headed hydra bites you!
* * * LOW HITPOINT WARNING * * *
The 11-headed hydra bites you.
* * * LOW HITPOINT WARNING * * *
The 11-headed hydra barely misses you.
The cane toad stings you but does no damage.
Okay, then.
Okay, then.
You feel much better. You block the 11-headed hydra's attack.
The 11-headed hydra bites you!
* * * LOW HITPOINT WARNING * * *
The 11-headed hydra barely misses you. You block the 11-headed hydra's attack.
The 11-headed hydra completely misses you.
The 11-headed hydra barely misses you. You block the 11-headed hydra's attack.
The 11-headed hydra bites you but does no damage. x3
The 11-headed hydra barely misses you. You block the cane toad's attack.
A demon appears!
You block the cane toad's attack.
The 11-headed hydra bites you but does no damage. x2
The 11-headed hydra bites you.
* * * LOW HITPOINT WARNING * * *
The 11-headed hydra bites you but does no damage.
You block the 11-headed hydra's attack.
The 11-headed hydra bites you but does no damage.
The 11-headed hydra bites you!
* * * LOW HITPOINT WARNING * * *
The 11-headed hydra bites you but does no damage.
The 11-headed hydra bites you.
* * * LOW HITPOINT WARNING * * *
The 11-headed hydra bites you but does no damage. x2
You feel much better. The cane toad stings you!
* * * LOW HITPOINT WARNING * * *
You block the 11-headed hydra's attack. The 11-headed hydra barely misses you.
You block the 11-headed hydra's attack. The 11-headed hydra closely misses you.
The 11-headed hydra bites you.
* * * LOW HITPOINT WARNING * * *
The 11-headed hydra bites you.
* * * LOW HITPOINT WARNING * * *
The 11-headed hydra bites you.
* * * LOW HITPOINT WARNING * * *
The 11-headed hydra bites you!
You die...

.............. ................
.. ................ ...
..#.....#.###P..
##.####....~.#####.#.... ##~.~~#.
..~.......~~~#.. .~..~.~
.~.~.~..~.~~~~~~ #.
#P~##F~~#~~##~~~#~~##
..##.##~~D@~~##~~~~~~#.~~##
....~~~~~~~~~~~~~~~~~~~P~~~ .
....~~~~~~2~~~~~~~~~~~~~~~~ ..
......~##~################### ..
#.......#~~~~~8#⌠~~~~~~~~⌠#8~~
... ...##..~~~.~~~#~~~~~.~~~~#~~~
..###...##.~~~#~~~#~~~~~~~~~~#~~~
...#.......##~#~~~#~~~##### #~.~
..........~~#.~~~~~~~#~|()# #~~~


You could see a 11-headed hydra (ally target), a cane toad and a friendly
cacodemon (summoned).

Vanquished Creatures
  Gastronok (Lair:1)
  A hydra (Lair:5)
  A merfolk avatar (Lair:5)
  2 two-headed ogres
  A boulder beetle (Lair:5)
  9 death yaks
  Nergalle (D:10)
  2 skysharks (Lair:5)
  2 sea snakes (Lair:5)
  2 bog bodies (Lair:2)
  A manticore (Lair:5)
  2 cyclopes (D:11)
  A torpor snail (Lair:5)
  4 black mambas
  5 elephants (Lair:1)
  8 cane toads
  2 kobold demonologists (D:11)
  Psyche (D:10)
  A rime drake (Lair:1)
  An unseen horror zombie (D:9)
  9 komodo dragons
  A troll (D:11)
  4 polar bears
  3 hornets
  23 blink frogs
  A snapping turtle (Lair:5)
  Sigmund (D:2)
  42 yaks
  7 wyverns
  5 basilisks
  3 steam dragons
  3 vampire mosquitoes (D:11)
  3 nagas (Lair:3)
  13 water moccasins
  3 black bears
  2 hell hounds (Lair:1)
  3 orc warriors
  An ice beast (D:5)
  2 sky beasts
  An ogre (D:5)
  6 wolves (Lair:1)
  4 centaurs
  6 kobold brigands
  5 necrophages (D:9)
  19 bullfrogs
  A gnoll sergeant (D:5)
  3 scorpions (D:5)
  A wyvern zombie (D:9)
  5 water moccasin zombies (Ossuary)
  15 wights
  14 killer bees
  5 electric eels
  3 howler monkeys (D:7)
  A crimson imp (D:5)
  3 jellies
  2 lava snakes (Lair:1)
  3 centaur zombies (D:9)
  4 hounds
  A human zombie (D:9)
  3 gnoll boudas
  7 orc priests
  3 sleepcaps
  4 iguanas
  5 orc wizards
  6 mummies
  4 howler monkey zombies (D:9)
  Robin (D:2)
  29 gnolls
  9 adders
  A white imp (D:6)
  4 adder zombies (Ossuary)
  4 worms
  53 orcs
  8 bats
  6 endoplasms
  7 giant cockroaches
  2 gnoll zombies (Ossuary)
  19 goblins
  10 hobgoblins
  6 jackals
  65 kobolds
  3 quokkas
  11 ball pythons
  4 frilled lizards
  A hobgoblin zombie (Ossuary)
  7 kobold zombies (Ossuary)
  5 orc zombies (Ossuary)
  9 rats
575 creatures vanquished.

Vanquished Creatures (others)
  32 fungi
  67 plants
  A spectral weapon (Lair:1)
  A withered plant (D:9)
101 creatures vanquished.

Grand Total: 676 creatures vanquished

Notes
Turn   | Place    | Note
-------+----------+-------------------------------------------
     0 | D:1      | DavidChitty2 the Minotaur Fighter began the quest for the
                  | Orb.
     0 | D:1      | Reached XP level 1. HP: 19/19 MP: 0/0
   247 | D:1      | Reached XP level 2. HP: 27/27 MP: 1/1
   308 | D:1      | Reached skill level 3 in Axes
   494 | D:1      | Found Faapn's Magic Scroll Emporium.
   925 | D:1      | Reached XP level 3. HP: 25/33 MP: 2/2
  1046 | D:2      | Noticed Sigmund
  1161 | D:2      | Killed Sigmund
  1162 | D:2      | Reached skill level 4 in Axes
  1162 | D:2      | Reached XP level 4. HP: 13/41 MP: 3/3
  1162 | D:2      | Reached XP level 5. HP: 15/47 MP: 4/4
  1290 | D:2      | Noticed Robin
  1311 | D:2      | Killed Robin
  1461 | D:2      | Reached skill level 5 in Axes
  1501 | D:2      | Identified the +9 sling "Killer Bee's Death" {heavy, rPois
                  | rF++ Will- Str+2}
  1548 | D:2      | Found a faded altar of an unknown god.
  1937 | D:3      | Reached skill level 5 in Armour
  1937 | D:3      | Reached XP level 6. HP: 55/55 MP: 5/5
  1950 | D:3      | Found a blossoming altar of Fedhas.
  2753 | D:3      | Reached skill level 5 in Shields
  3078 | D:4      | Reached skill level 5 in Fighting
  3157 | D:4      | Found a glowing golden altar of the Shining One.
  3268 | D:4      | Reached skill level 6 in Axes
  3515 | D:4      | Reached XP level 7. HP: 61/61 MP: 6/6
  3812 | D:5      | Entered Level 5 of the Dungeon
  3880 | D:5      | Reached skill level 7 in Axes
  3930 | D:5      | Found Laufeu's General Store.
  3941 | D:5      | Reached XP level 8. HP: 46/70 MP: 7/7
  4040 | D:5      | You fall into a shaft and drop 2 floors!
  4210 | D:7      | Reached skill level 8 in Axes
  4517 | D:6      | Found a sand-covered staircase.
  4526 | Ossuary  | Entered an ossuary
  4594 | Ossuary  | Reached skill level 9 in Axes
  4656 | Ossuary  | Reached XP level 9. HP: 76/79 MP: 8/8
  5041 | D:5      | Found a sparkling altar of Nemelex Xobeh.
  5085 | D:5      | Found a stormy altar of Qazlal.
  5399 | D:5      | Found a burning altar of Makhleb.
  5400 | D:5      | Found a radiant altar of Vehumet.
  5410 | D:5      | Became a worshipper of Makhleb the Destroyer
  5602 | D:5      | Reached skill level 1 in Invocations
  5602 | D:5      | Reached * piety under Makhleb
  5604 | D:5      | Reached skill level 10 in Axes
  5963 | D:6      | Found a staircase to the Ecumenical Temple.
  5977 | Temple   | Entered the Ecumenical Temple
  6131 | D:6      | Found an iron altar of Okawaru.
  6372 | D:6      | Reached ** piety under Makhleb
  6478 | D:6      | Found a shadowy altar of Dithmenos.
  6738 | D:7      | Found a broken altar of Ashenzari.
  7688 | D:8      | Found a transporter.
  7688 | D:8      | Found Maqinokhlusiy's Assorted Antiques.
  7691 | D:8      | Reached XP level 10. HP: 77/89 MP: 11/11
  7697 | D:8      | Reached skill level 11 in Axes
  7698 | D:8      | Found a transporter.
  7860 | D:8      | Reached *** piety under Makhleb
  8681 | D:9      | Reached skill level 12 in Axes
  8682 | D:9      | Reached **** piety under Makhleb
  9142 | D:9      | Reached XP level 11. HP: 97/97 MP: 13/13
  9270 | D:9      | Found a glowing silver altar of Zin.
  9420 | D:9      | Found an ancient bone altar of Kikubaaqudgha.
  9542 | D:10     | Entered Level 10 of the Dungeon
  9557 | D:10     | Found a staircase to the Orcish Mines.
  9579 | D:10     | Found a basalt altar of Yredelemnul.
  9628 | D:10     | Noticed Psyche
  9635 | D:10     | Killed Psyche
  9887 | D:10     | Noticed Nergalle
  9902 | D:10     | Killed Nergalle
  9902 | D:10     | Reached ***** piety under Makhleb
  9903 | D:10     | Reached skill level 13 in Axes
  9903 | D:10     | Reached skill level 5 in Invocations
  9990 | D:10     | Reached skill level 10 in Armour
  9990 | D:10     | Reached skill level 10 in Shields
 10553 | D:10     | Noticed a two-headed ogre
 10559 | D:10     | Killed a two-headed ogre
 10560 | D:10     | Reached skill level 10 in Fighting
 10592 | D:10     | Found a hide-covered altar of Uskayaw.
 10959 | D:11     | Noticed a two-headed ogre
 10968 | D:11     | Killed a two-headed ogre
 11076 | D:11     | Reached skill level 14 in Axes
 11204 | D:11     | Found a staircase to the Lair.
 11306 | Lair:1   | Entered Level 1 of the Lair of Beasts
 11521 | Lair:1   | Reached XP level 12. HP: 108/108 MP: 15/15
 11871 | Lair:1   | Noticed Gastronok
 11883 | Lair:1   | Killed Gastronok
 12094 | Lair:1   | Reached skill level 15 in Axes
 12673 | Lair:2   | Found a runed translucent door.
 12675 | Lair:2   | Noticed Haraddelas's ghost (journeyman OpTm)
 12676 | Lair:2   | Identified the +12 spear of Anger {freeze, *Noise rElec
                  | Stlth+}
 13219 | Lair:2   | Found a staircase to the Swamp.
 13444 | Lair:3   | Reached XP level 13. HP: 113/117 MP: 17/17
 14212 | Lair:3   | Found a staircase to the Snake Pit.
 14348 | Lair:4   | Reached skill level 16 in Axes
 15290 | Lair:5   | Entered Level 5 of the Lair of Beasts
 15455 | Lair:5   | Reached ****** piety under Makhleb
 15515 | Lair:5   | Reached skill level 17 in Axes
 15587 | Lair:5   | Found a staircase to the Slime Pits.
 15588 | Lair:5   | Found a viscous altar of Jiyva.
 15865 | Lair:5   | Reached XP level 14. HP: 127/127 MP: 19/19
 15937 | Lair:5   | Identified the staff of poison "Pihoxtine" {rPois Int-4
                  | Dex+3 Stlth+}
 16251 | Lair:5   | HP: 1/127 [11-headed hydra (6)]
 16252 | Lair:5   | Mangled by an 11-headed hydra

Illustrated notes

Levels and vault maps discovered:
D:1:      minmay_arrival_five_plusses, layout_loops_corners, serial_shops,
          shop_statue, minmay_misc_feat_encased
D:2:      layout_rooms, basic_ecumenical_altar, minmay_misc_feat_hallway,
          kennysheep_generic_room_3, uniq_robin, uniq_sigmund
D:3:      layout_basic, amcnicky_altar_gilded, eino_curves_04,
          minmay_fractal_squares_5
D:4:      layout_basic, mainiacjoe_overflow_boulevard, minmay_pentomino_pile
D:5:      minmay_goblin_kobold_castle, layout_cave_pools,
          grunt_temple_overflow_lords_of_destruction,
          nemelex_diamond_rough_becter, kennysheep_mini, serial_shops, shop,
          lightli_minifort
D:6:      layout_gridville, okawaru_ov_weapons_minmay, general_overflow_altar,
          minmay_temple_entry_gardened_gates, gup_ossuary_entry_pyramid
D:7:      layout_layer_cave, kennysheep_little_box, kennysheep_generic_room_6
D:8:      layout_basic, serial_shops, nicolae_shop_drivethru, special_room
          [special_room_orc]
D:9:      argonaut_augean_stables, layout_basic,
          lemuel_mausoleum_altar_kikubaaqudgha, overflow_temple_1_default,
          serial_undead, serial_undead_e, serial_undead_a, serial_undead_e,
          serial_undead_d
D:10:     layout_stronghold, lemuel_crystal_altar, nicolae_uskayaw_dance_studio,
          orc_0_dummy, kennysheep_crisscross, uniq_nergalle, uniq_psyche
D:11:     layout_basic, grunt_lair_entry_orc_guard_hut
Temple:   nicolae_temple_figure_zero
Lair:1:   layout_chaotic_city, enter_volcano_3, columned_hall_lemuel,
          nicolae_lair_liquid_snakes, uniq_gastronok
Lair:2:   layout_cellular_growth, skrybe_swamp_entry_bodies,
          ebering_ghost_funeral_grove, chequers_serial_rivers_small_a,
          lemuel_fruit_tree
Lair:3:   layout_regular_city, minmay_snake_entry_guardpost_small,
          grunt_megastairs_3
Lair:4:   layout_cave_pods
Lair:5:   gammafunk_lair_ancient_temple, layout_long_grid, slime_entry_1

Skill      XL: |  1  2  3  4  5  6  7  8  9 10 11 12 13 14 |
---------------+-------------------------------------------+-----
Axes           | 3 4 5 6 7 9 10 12 14 15 17 | 17.4
Fighting       | 4 5 6 7 8 9 10 11 12 | 12.9
Armour         | 4 5 6 7 8 9 10 11 12 13 | 13.0
Shields        | 4 5 6 7 8 9 10 11 13 | 13.1
Invocations    | 2 4 6 7 8 |  8.8

Action                     |  1- 3 |  4- 6 |  7- 9 | 10-12 | 13-15 || total
---------------------------+-------+-------+-------+-------+-------++-------
  Melee: War axe           |    85 |   149 |   277 |   458 |   319 ||  1288
         Headbutt          |     7 |    13 |    58 |    96 |    84 ||   258
         Whip              |       |       |       |       |    11 ||    11
   Fire: Sling             |       |     2 |       |       |       ||     2
 Invoke: Major Destruction |       |       |       |       |     1 ||     1
         Greater Servant o |       |       |       |       |     1 ||     1
  Evoke: Wand              |       |       |       |    11 |       ||    11
    Use: Scroll            |       |    15 |     5 |     8 |     2 ||    30
         Potion            |       |       |       |       |     2 ||     2
   Stab: Distracted        |       |       |       |     9 |       ||     9
 Armour: Scale mail        |    36 |    31 |       |       |       ||    67
         Chain mail        |       |    33 |   111 |       |       ||   144
         Plate armour      |       |       |    34 |   189 |   164 ||   387
  Dodge: Dodged            |    46 |    43 |   112 |   107 |    92 ||   400
  Block: Buckler           |    15 |    31 |    64 |    95 |     7 ||   212
         Kite shield       |       |       |       |       |   176 ||   176
